 Dungeon Sprint DCSS version 0.21-a0-51-gea492e9 (webtiles) character file.

42 Kidiri the Ruffian (level 3, -5/55 HPs)
             Began as a Troll Monk on June 12, 2017.
             Was a Priest of Wu Jian.
             Slain by an orc wizard
             ... wielding a +0 dagger of distortion
              (18 damage)
             ... in the Dungeon (Sprint VII: "The Pits").
             The game lasted 00:01:20 (136 turns).

Kidiri the Ruffian (Troll Monk)                      Turns: 136, Time: 00:01:21

Health: -5/55      AC:  5    Str: 24    XL:     3   Next: 35%
Magic:  2/2        EV: 11    Int:  6    God:    Wu Jian [***...]
Gold:   0          SH:  0    Dex: 13    Spells: 2/2 levels left

rFire    . . .     SeeInvis .     - Unarmed
rCold    . . .     Gourm    +   (no shield)
rNeg     . . .     Faith    .   a - +0 robe
rPois    .         Spirit   .   (helmet restricted)
rElec    .         Reflect  .   (no cloak)
rCorr    .         Harm     .   (gloves unavailable)
MR       .....     NoTele   +   (boots unavailable)
Stlth    ..........             (no amulet)
Regen    0.6/turn               (no ring)
MPRegen  0.1/turn               (no ring)

@: berserking, very quick
A: unfitting armour, claws 3, fast metabolism 3, gourmand, regeneration 1,
shaggy fur 1, tough skin 2
a: Renounce Religion


You were in the Dungeon.
You worshipped Wu Jian.
Wu Jian was most pleased with you.
You were full.

You visited 1 branch

Inventory:

Armour
 a - a +0 robe (worn)
Scrolls
 h - a scroll of blinking
 j - 3 scrolls of remove curse
 k - 5 scrolls of amnesia
 l - a scroll of summoning
Potions
 c - a potion of curing
 e - a potion of haste
 f - 4 potions of magic
 g - 2 potions of berserk rage
 i - 2 potions of invisibility
Comestibles
 b - 9 bread rations
 m - 40 fruits
 n - 7 meat rations


   Skills:
 * Level 3.6 Fighting
 + Level 1.4 Armour
 * Level 3.6 Dodging
 * Level 2.0 Stealth
 * Level 4.2 Unarmed Combat


You had 2 spell levels left.
You didn't know any spells.

Dungeon Overview and Level Annotations

Branches:
Dungeon (1/1)

Altars:
Ashenzari
Cheibriados
Dithmenos
Elyvilon
Fedhas
Gozag
Hepliaklqana
Kikubaaqudgha
Makhleb
Nemelex Xobeh
Okawaru
Qazlal
Ru
Sif Muna
Trog
Uskayaw
Vehumet
Wu Jian
Xom
Yredelemnul
Zin
The Shining One
Beogh
Jiyva
Lugonu


Innate Abilities, Weirdness & Mutations

You are too large for most types of armour.
You have claws for hands.
Your metabolism is lightning-fast.
You like to eat raw meat.
Your natural rate of healing is unusually fast.
You are covered in fur. (AC +1)
You have very tough skin. (AC +2)


Message History

The magic dart hits you!
The orc priest looks satisfied for a moment.
The orc hits you but does no damage.
Unknown command.
You spin and attack the orc wizard.
You scratch the orc wizard.
The orc wizard is moderately wounded.
The orc wizard hits you with a dagger of distortion.
Unknown command.
You spin and attack the orc wizard.
You scratch the orc wizard.
The orc wizard is severely wounded.
You spin and attack the orc.
You barely miss the orc.
The orc wizard hits you with a dagger of distortion.
Space bends around you.
* * * LOW HITPOINT WARNING * * *
Unknown command.
A red film seems to cover your vision as you go berserk!
You feel yourself moving faster!
You feel mighty!
The orc wizard hits you but does no damage.
Space warps horribly around you!
You die...

##########+##...........
#.?(.+)))+.##......#..#.
##########.##...........
#..........)'...........
#+#####'#####......#..#.
#. #...'.##...........
#..#...#.#####+#####++
#.o#####.##.......#
#.goo@.#.##.......#
#..loo.'.##.......#
#.{########...<...# #..
#.......# #. #.......#
## #.......# #########


You could see an orc warrior, an orc priest, an orc wizard, 2 orcs, a leopard
gecko and a hobgoblin.

Vanquished Creatures
  A worker ant (D)
  An adder (D)
  4 jackals (D)
  A kobold (D)
  A frilled lizard (D)
8 creatures vanquished.

Notes
Turn   | Place    | Note
-------+----------+-------------------------------------------
     0 | D        | Kidiri the Troll Monk began the quest for the Orb.
     0 | D        | Reached XP level 1. HP: 22/22 MP: 0/0
    46 | D        | Found a bloodstained altar of Trog.
    46 | D        | Found a deep blue altar of Sif Muna.
    46 | D        | Found a viscous altar of Jiyva.
    46 | D        | Found a hazy altar of Hepliaklqana.
    46 | D        | Found an opulent altar of Gozag.
    47 | D        | Found a glowing golden altar of the Shining One.
    47 | D        | Found a glowing silver altar of Zin.
    47 | D        | Found a basalt altar of Yredelemnul.
    47 | D        | Found a shimmering altar of Xom.
    47 | D        | Found an ornate altar of the Wu Jian Council.
    47 | D        | Found a sacrificial altar of Ru.
    47 | D        | Found a stormy altar of Qazlal.
    47 | D        | Found an iron altar of Okawaru.
    47 | D        | Found a sparkling altar of Nemelex Xobeh.
    47 | D        | Found a burning altar of Makhleb.
    47 | D        | Found a blossoming altar of Fedhas.
    47 | D        | Found a white marble altar of Elyvilon.
    47 | D        | Found a shadowy altar of Dithmenos.
    47 | D        | Found a snail-covered altar of Cheibriados.
    49 | D        | Found a radiant altar of Vehumet.
    49 | D        | Found a corrupted altar of Lugonu.
    49 | D        | Found a roughly hewn altar of Beogh.
    50 | D        | Found a hide-covered altar of Uskayaw.
    50 | D        | Found an ancient bone altar of Kikubaaqudgha.
    50 | D        | Found a shattered altar of Ashenzari.
    56 | D        | Became a worshipper of the Wu Jian Council
    56 | D        | Reached * piety under Wu Jian
    56 | D        | Reached ** piety under Wu Jian
    88 | D        | Reached *** piety under Wu Jian
   112 | D        | Noticed a worker ant
   115 | D        | Reached skill level 1 in Armour
   115 | D        | Reached XP level 2. HP: 31/31 MP: 1/1
   116 | D        | Reached skill level 4 in Unarmed Combat
   116 | D        | Reached XP level 3. HP: 31/37 MP: 2/2
   127 | D        | Noticed an orc warrior
   136 | D        | Slain by an orc wizard

Vault maps used:
D:        pitsprint

Skill      XL: |  1  2 |
---------------+-------+-----
Fighting       | 3 |  3.6
Armour         | 1 |  1.4
Dodging        | 3 |  3.6
Stealth        | 2 |  2.0
Unarmed Combat | 4 |  4.2

Action                   || total
-------------------------++-------
Melee: Unarmed           ||    25
  Use: Potion            ||     2
 Stab: Sleeping          ||     2
  Eat: Chunk             ||     4
Armor: Robe              ||    11
Dodge: Dodged            ||     9
